 Dungeon Crawl Stone Soup version 0.20-a0-441-g89e74e4 (webtiles) character file.

357 Kriby the Skirmisher (level 6, -4/48 HPs)
             Began as a Mummy Fighter on Jan 6, 2017.
             Was an Initiate of Okawaru.
             Slain by an ogre
             ... wielding a +0 giant club
              (14 damage)
             ... on level 4 of the Dungeon.
             The game lasted 00:02:45 (3261 turns).

Kriby the Skirmisher (Mummy Fighter)                Turns: 3261, Time: 00:02:45

Health: -4/48      AC: 12    Str: 21    XL:     6   Next: 36%
Magic:  6/6        EV:  3    Int:  8    God:    Okawaru [......]
Gold:   187        SH: 10    Dex: 11    Spells: 5/5 levels left

rFire  x . .     SeeInvis .     a - +0 war axe
rCold  + + .     Gourm    .     j - +0 plate armour
rNeg   + + +     Faith    .     c - +1 shield
rPois  ∞         Spirit   .     (no helmet)
rElec  .         Reflect  .     d - +0 cloak
rCorr  .         Harm     .     (no gloves)
MR     .....                    (no boots)
Stlth  ..........               (no amulet)
                                k - ring of poison resistance
                                f - ring of protection from cold

@: no status effects
A: no food or potions, fire vulnerability, cold resistance 1, negative energy
resistance 3, torment resistance, unbreathing
a: Renounce Religion


You were on level 4 of the Dungeon.
You worshipped Okawaru.
Okawaru was noncommittal.
You were not hungry.

You visited 1 branch of the dungeon, and saw 4 of its levels.

You collected 187 gold pieces.

Inventory:

Hand Weapons
 a - a +0 war axe (weapon)
Armour
 c - a +1 shield (worn)
 d - a +0 cloak (worn)
 j - a +0 plate armour (worn)
Jewellery
 f - a ring of protection from cold (left hand)
 k - a ring of poison resistance (right hand)
Wands
 e - a wand of digging (17/24)
Scrolls
 b - a scroll of random uselessness {unknown}
 g - a scroll of magic mapping {unknown}
 h - 4 scrolls of identify
 i - 2 scrolls of teleportation
 l - 2 scrolls of recharging
 m - a scroll of remove curse {unknown}
 n - a scroll of enchant weapon {unknown}


   Skills:
 + Level 4.2 Fighting
 * Level 4.2 Axes
 + Level 2.3 Throwing
 - Level 2.4 Armour
 - Level 2.4 Shields


You had 5 spell levels left.
You didn't know any spells.

Dungeon Overview and Level Annotations

Branches:
Dungeon (4/15)
 Temple: D:4-7

Altars:
Dithmenos
Okawaru
Qazlal

Shops:
D:4 :


Innate Abilities, Weirdness & Mutations

You do not eat or drink.
Your flesh is vulnerable to fire.
You are immune to poison.
Your flesh is cold resistant. (rC+)
You are immune to negative energy. (rN+++)
You are immune to unholy pain and torment.
You can survive without breathing.


Message History

Your shield and plate armour prevent you from hitting the ogre.
The ogre is heavily wounded.
The ogre barely misses you.
You completely miss the ogre.
The ogre is heavily wounded.
The ogre hits you with a giant club!
You slash the ogre!
The ogre is almost dead.
You block the ogre's attack.
You hit the ogre but do no damage.
The ogre is almost dead.
The ogre barely misses you.
Your shield and plate armour prevent you from hitting the ogre.
The ogre is almost dead.
The ogre hits you with a giant club.
* * * LOW HITPOINT WARNING * * *
Your plate armour prevents you from hitting the ogre.
The ogre is almost dead.
The ogre hits you with a giant club!
You die...

## .# ####.# ..#.#
....# #.%.# #O..#
#@..######
#........#
#..#.###.#
##.###....#### #
#####.##
#...##.######
#....##
##..#.....##.
#.###.##
##.[..........
##.###.......##.##.
#..#.#.#..#.#..###


You could see an ogre.

Vanquished Creatures
  A jelly (D:4)
  An orc wizard (D:3)
  A hound (D:4)
  An iguana (D:4)
  A worker ant (D:3)
  4 gnolls (D:3)
  7 adders
  2 oozes
  An adder skeleton (D:4)
  3 worms
  A leopard gecko (D:3)
  16 orcs
  2 giant cockroaches
  8 goblins
  8 hobgoblins
  7 jackals (D:3)
  6 kobolds
  2 quokkas
  A ball python (D:2)
  5 bats
  4 frilled lizards
  6 rats
88 creatures vanquished.

Notes
Turn   | Place    | Note
-------+----------+-------------------------------------------
     0 | D:1      | Kriby the Mummy Fighter began the quest for the Orb.
     0 | D:1      | Reached XP level 1. HP: 18/18 MP: 1/1
   290 | D:1      | Reached XP level 2. HP: 24/24 MP: 2/2
   731 | D:2      | Reached XP level 3. HP: 26/29 MP: 3/3
   873 | D:2      | Reached skill level 1 in Throwing
  1089 | D:2      | Reached XP level 4. HP: 32/35 MP: 4/4
  1699 | D:3      | Noticed an earth elemental
  1802 | D:3      | Reached XP level 5. HP: 26/42 MP: 5/5
  2213 | D:3      | Found a shadowy altar of Dithmenos.
  2215 | D:3      | Found an iron altar of Okawaru.
  2229 | D:3      | Became a worshipper of Warmaster Okawaru
  2422 | D:3      | Found a stormy altar of Qazlal.
  2424 | D:3      | Noticed an air elemental
  2425 | D:3      | Noticed a water elemental
  2425 | D:3      | Noticed a fire elemental
  2620 | D:3      | Reached XP level 6. HP: 46/48 MP: 6/6
  3193 | D:4      | Found Qinnomom's Book Emporium.
  3261 | D:4      | Slain by an ogre

Vault maps used:
D:1:      lemuel_arrival_behind_the_door_small, serial_bayou_crossing
D:2:      kennysheep_generic_room_5
D:3:      nicolae_qazlal_style_of_elements,
          chequers_temple_overflow_statue_of_worship, first_bread, st_stairs_12,
          grunt_ministairs_8, minmay_misc_feat_roman
D:4:      minmay_diamond_boxcup, serial_shops, nicolae_shop_trees

Skill      XL: |  1  2  3  4  5 |
---------------+----------------+-----
Axes           | 2 3 4 |  4.2
Throwing       | 1 2 |  2.3
Fighting       | 4 |  4.2
Armour         | |  2.4
Shields        | |  2.4

Action                   |  1- 3 |  4- 6 || total
-------------------------+-------+-------++-------
Melee: War axe           |   110 |   249 ||   359
  Use: Scroll            |       |     3 ||     3
Armor: Scale mail        |    38 |       ||    38
       Plate armour      |    21 |   194 ||   215
Dodge: Dodged            |    24 |    42 ||    66
Block: Shield            |    58 |   111 ||   169
